 Dungeon Crawl Stone Soup version 0.17-a0-1738-g82cdc46 (webtiles) character file.

38 RedzDrunk the Grasshopper (level 3, 0/29 HPs)
             Began as a Demigod Warper on Aug 31, 2015.
             Slain by a gnoll (5 damage)
             ... on level 1 of the Dungeon.
             The game lasted 00:05:25 (1621 turns).

RedzDrunk the Grasshopper (Demigod Warper)          Turns: 1621, Time: 00:05:25

Health: 0/29       AC:  3    Str: 16    XL:     3   Next: 10%
Magic:  8/8        EV: 12    Int: 17    God:
Gold:   109        SH:  0    Dex: 15    Spells: 3 memorised, 1 level left

rFire  . . .     SeeInvis .     a - +0 falchion
rCold  . . .     Clarity  .     b - +0 leather armour
rNeg   . . .     SustAt   +     (no shield)
rPois  .         Gourm    .     (no helmet)
rElec  .         Spirit   .     (no cloak)
rCorr  .         Warding  .     (no gloves)
rMut   .         Stasis   .     (no boots)
MR     .....                    (no amulet)
Stlth  +.........               (no ring)
                                (no ring)

@: not resistant to hostile enchantments, very unstealthy
A: high mp 1, sustain attributes
a: no special abilities


You were on level 1 of the Dungeon.
You were not hungry.

You visited 1 branch of the dungeon, and saw 2 of its levels.

You collected 109 gold pieces.

Inventory:

Hand weapons
 a - a +0 falchion (weapon)
Missiles
 e - 5 tomahawks of dispersal (quivered)
Armour
 b - a +0 leather armour (worn)
 n - a +0 helmet
Scrolls
 d - a scroll of blinking
 i - a scroll of recharging {unknown}
 j - 4 scrolls of identify {unknown}
 l - a scroll of noise {unknown}
 o - a scroll of teleportation {unknown}
 p - a scroll of enchant armour {unknown}
Potions
 h - 2 potions of cancellation {unknown}
 k - a potion of heal wounds {unknown}
Books
 c - a book of Spatial Translocations

   Spells                             Type                      Level
   a - Apportation                    Translocation                1
   b - Blink                          Translocation                2
   c - Shroud of Golubria             Charms/Translocation         2
   d - Portal Projectile              Translocation                3
   e - Teleport Other                 Translocation                3
   f - Passage of Golubria            Translocation                4
Comestibles
 f - a bread ration
 g - a meat ration
 m - a chunk of flesh


   Skills:
 + Level 2.1 Fighting
 + Level 2.0 Long Blades
 - Level 0.8 Throwing
 + Level 1.5 Armour
 + Level 2.0 Dodging
 + Level 2.1 Spellcasting
 + Level 2.8 Translocations


You had one spell level left.
You knew the following spells:

 Your Spells              Type           Power        Failure   Level  Hunger
a - Apportation           Tloc           ##........   10%         1    #......
b - Blink                 Tloc           N/A          14%         2    ###....
c - Shroud of Golubria    Chrm/Tloc      #.........   24%         2    ###....


Dungeon Overview and Level Annotations

Branches:
Dungeon (2/15)


Innate Abilities, Weirdness & Mutations

You have an increased reservoir of magic (+10% MP).
Your attributes are resistant to harm.


Message History

The gnoll closely misses you. x2
You hit the gnoll but do no damage.
The gnoll is moderately wounded.
The gnoll misses you.
You hit the gnoll.
The gnoll is severely wounded.
The gnoll hits you.
You barely miss the gnoll.
The gnoll is severely wounded.
The gnoll barely misses you.
You hit the gnoll but do no damage.
The gnoll is severely wounded.
The gnoll hits you.
* * * LOW HITPOINT WARNING * * *
You hit the gnoll.
The gnoll is severely wounded.
The gnoll hits you.
* * * LOW HITPOINT WARNING * * *
The gnoll hits you.
You die...

#............# #..#
#........#..## #..#
#........#..# #..#
#........#..###########..#
#........'.).............#
#........#..###########.##
#.......[##.# #.#
#........##g# #.#
########.##@# #.# #.##.#
#.# ## #.##.# #.# .#
#.##.# #.# .# #.##.# #.#
.# #.##.# #.# .# #.##.#
#.# .# #.##.# #.# .#
#.##.# #.#


You could see a gnoll.

Vanquished Creatures
  4 giant cockroaches
  4 goblins
  5 hobgoblins
  3 jackals (D:1)
  A ball python (D:1)
  4 bats (D:1)
  2 giant newts
  8 kobolds
  6 rats
37 creatures vanquished.

Notes
Turn   | Place    | Note
--------------------------------------------------------------
     0 | D:1      | RedzDrunk the Demigod Warper began the quest for the Orb.
     0 | D:1      | Reached XP level 1. HP: 17/17 MP: 5/5
    63 | D:1      | Reached skill level 1 in Armour
   485 | D:1      | Reached XP level 2. HP: 24/24 MP: 7/7
   615 | D:1      | Learned a level 2 spell: Blink
   618 | D:1      | Learned a level 2 spell: Shroud of Golubria
  1083 | D:1      | You fall through a shaft!
  1538 | D:1      | Reached XP level 3. HP: 25/29 MP: 8/8
  1621 | D:1      | Slain by a gnoll

Vault maps used:
D:1:      lightli_arrival_noodles
D:2:      minmay_shallow_snake_nest

Action                   || total
-------------------------++-------
Melee: Falchion          ||   133
 Cast: Blink             ||     5
 Stab: Sleeping          ||     1
  Eat: Royal jelly       ||     1
       Chunk             ||     1
